 Dungeon Crawl Stone Soup version 0.22-b1-26-g9dbaab1112 (webtiles) character file.

419 Pisosu the Covered (level 6, -2/55 HPs)
             Began as a Minotaur Fighter on Aug 8, 2018.
             Slain by Duvessa
             ... wielding a +0 rapier
              (3 damage)
             ... on level 4 of the Dungeon.
             The game lasted 00:07:37 (2740 turns).

Pisosu the Covered (Minotaur Fighter)               Turns: 2740, Time: 00:07:38

Health: -2/55      AC:  0    Str: 23    XL:     6   Next: 62%
Magic:  5/5        EV: 13    Int:  5    God:
Gold:   105        SH:  0    Dex:  9    Spells: 5/5 levels left

rFire    . . .     SeeInvis .   (weapon currently unavailable)
rCold    . . .     Gourm    .   (shield currently unavailable)
rNeg     . . .     Faith    .   (armour currently unavailable)
rPois    .         Spirit   .   (helmet currently unavailable)
rElec    .         Reflect  .   (cloak currently unavailable)
rCorr    .         Harm     .   (gloves currently unavailable)
MR       .....                  (boots currently unavailable)
Stlth    +.........             n - amulet of the acrobat
HPRegen  0.18/turn              (ring currently unavailable)
MPRegen  0.09/turn              (ring currently unavailable)

@: pig-form, very quick
A: small, (retaliatory headbutt)
a: no special abilities


You were on level 4 of the Dungeon.
You were very hungry.
You were a filthy swine.
You visited 1 branch of the dungeon, and saw 4 of its levels.

You collected 105 gold pieces.

Inventory:

Hand Weapons
 a - a +0 flail (melded)
 w - a +0 blowgun
Missiles
 j - 28 poisoned needles
 r - a throwing net (quivered)
Armour
 b - a +0 scale mail
 c - a +0 shield (melded)
 k - a +0 plate armour (melded)
Jewellery
 i - a +3 ring of evasion (melded)
 n - an amulet of the acrobat (around neck)
Scrolls
 e - 2 scrolls of remove curse {unknown}
 h - 2 scrolls of magic mapping {unknown}
 p - a scroll of enchant weapon {unknown}
 s - 3 scrolls of enchant armour {unknown}
 u - 2 scrolls of teleportation {unknown}
 x - a scroll of noise {unknown}
 y - a scroll of identify {unknown}
Potions
 d - a potion of might
 g - 2 potions of degeneration {unknown}
 l - a potion of flight {unknown}
 m - a potion of lignification {unknown}
 o - 2 potions of brilliance {unknown}
 q - a potion of cancellation {unknown}
 t - 3 potions of haste {unknown}
 v - a potion of heal wounds {unknown}
Comestibles
 f - 8 rations


   Skills:
 + Level 4.8 Fighting
 + Level 5.0 Maces & Flails
 + Level 5.8 Armour
 + Level 5.6 Shields


You had 5 spell levels left.
You didn't know any spells.
Your spell library was empty.

Dungeon Overview and Level Annotations

Branches:
Dungeon (4/15)
 Temple: D:4-7

Altars:
Makhleb
Yredelemnul
The Shining One

Annotations:
D:4 Dowan, Duvessa


Innate Abilities, Weirdness & Mutations

((You reflexively headbutt those who attack you in melee.))
((You have a pair of horns on your head.))


Message History

Dowan points at you and mumbles some strange words.
The puff of frost hits you!
* * * LOW HITPOINT WARNING * * *
Duvessa completely misses you.
You closely miss Duvessa.
Duvessa is heavily wounded.
Dowan barely misses you. Duvessa hits you with a rapier.
* * * LOW HITPOINT WARNING * * *
You hit Duvessa but do no damage.
Duvessa is heavily wounded.
Dowan casts a spell at you. The puff of flame hits you!
* * * LOW HITPOINT WARNING * * *
You completely miss Duvessa.
Duvessa is heavily wounded.
Duvessa misses you. Dowan barely misses you.
You hit Duvessa but do no damage.
Duvessa is heavily wounded.
Duvessa hits you with a rapier.
You die...

#................##### #
.............##.###########
..........................
#..####.###....######.####
#..# #.# ####..## #.##..
####..####.# #.....# #.##..
#<.e.ee.##.# #.##..# #.##..
......###.##.####.##..#
#.##.. ....e.
#...†ehe..###.####.##..
..... ####.######
#...##.##.. #.... .....
##..##.##.. #..?
###.#.#######..##.##.. #...
..#.#....###.##.##.. ###
#.##.###..#.####
#.##......#.# #.#######...#
#.# ##..###


You could see Duvessa and Dowan.

Vanquished Creatures
  2 ogres
  A phantom (D:3)
  A scorpion (D:2)
  A bullfrog skeleton (D:4)
  2 adders
  2 worms
  2 dart slugs
  2 leopard geckos
  4 orcs (D:3)
  3 giant cockroaches
  5 goblins
  8 hobgoblins
  3 jackals (D:1)
  A quokka (D:3)
  A ball python (D:1)
  11 bats
  5 frilled lizards
  11 kobolds
  11 rats
76 creatures vanquished.

Notes
Turn   | Place    | Note
-------+----------+-------------------------------------------
     0 | D:1      | Pisosu the Minotaur Fighter began the quest for the Orb.
     0 | D:1      | Reached XP level 1. HP: 19/19 MP: 0/0
    34 | D:1      | Reached XP level 2. HP: 15/27 MP: 1/1
   508 | D:2      | Reached XP level 3. HP: 33/33 MP: 2/2
   702 | D:2      | Noticed a scorpion
   716 | D:2      | Killed a scorpion
   716 | D:2      | Reached XP level 4. HP: 23/40 MP: 3/3
  1340 | D:3      | Noticed a phantom
  1362 | D:3      | Killed a phantom
  1362 | D:3      | Reached skill level 5 in Armour
  1362 | D:3      | Reached XP level 5. HP: 36/47 MP: 4/4
  1625 | D:3      | Found a burning altar of Makhleb.
  1873 | D:3      | Found a glowing golden altar of the Shining One.
  1904 | D:3      | Noticed an ogre
  1908 | D:3      | Killed an ogre
  1908 | D:3      | Reached skill level 5 in Shields
  1908 | D:3      | Reached XP level 6. HP: 53/53 MP: 5/5
  2241 | D:4      | Found a basalt altar of Yredelemnul.
  2333 | D:4      | Reached skill level 5 in Maces & Flails
  2707 | D:4      | Noticed Dowan
  2707 | D:4      | Noticed Duvessa
  2738 | D:4      | HP: 1/55 [Dowan/puff of flame (9)]
  2740 | D:4      | Slain by Duvessa

Skill      XL: |  1  2  3  4  5  6 |
---------------+-------------------+-----
Shields        | 4 5 |  5.6
Armour         | 4 5 |  5.8
Fighting       | 4 |  4.8
Maces & Flails | 3 4 5 |  5.0

Action                   |  1- 3 |  4- 6 || total
-------------------------+-------+-------++-------
Melee: Flail             |    74 |   116 ||   190
       Headbutt          |    14 |    21 ||    35
       Unarmed           |       |    12 ||    12
  Eat: Chunk             |       |     5 ||     5
Armor: Scale mail        |    42 |       ||    42
       Plate armour      |    14 |    43 ||    57
Dodge: Dodged            |    39 |    54 ||    93
Block: Shield            |    45 |    62 ||   107
